 Dungeon Crawl Stone Soup version 0.24.1-14-gf8d2b509d9 (webtiles) character file.

Game seed: 9386382214337104604, levelgen mode: deterministic

159 Lauz the Conjurer (level 5, 0/28 HPs)
             Began as a Deep Elf Conjurer on May 25, 2020.
             Killed from afar by an orc wizard (4 damage)
             ... with a magic dart
             ... on level 4 of the Dungeon.
             The game lasted 00:06:35 (2436 turns).

Lauz the Conjurer (Deep Elf Conjurer)               Turns: 2436, Time: 00:06:36

Health: 0/28       AC:  3    Str:  5    XL:     5   Next: 17%
Magic:  1/14       EV: 13    Int: 25    God:
Gold:   118        SH:  0    Dex: 15    Spells: 11/14 levels left

rFire    . . .     SeeInvis .   (no weapon)
rCold    . . .     Gourm    .   (no shield)
rNeg     . . .     Faith    .   a - +0 robe
rPois    .         Spirit   .   h - +0 helmet
rElec    .         Reflect  .   (no cloak)
rCorr    .         Harm     .   (no gloves)
MR       .....                  (no boots)
Stlth    ++........             (no amulet)
HPRegen  0.09/turn              r - ring of wizardry
MPRegen  0.14/turn              f - +4 ring of intelligence

@: no status effects
A: no striking features
a: no special abilities


You were on level 4 of the Dungeon.
You were not hungry.

You visited 1 branch of the dungeon, and saw 4 of its levels.

You collected 118 gold pieces.

Inventory:

Armour
 a - a +0 robe (worn)
 h - a +0 helmet (worn)
Jewellery
 f - a +4 ring of intelligence (right hand)
 m - an uncursed ring of protection from fire
 r - a ring of wizardry (left hand)
 v - an uncursed ring of ice {unknown}
Wands
 k - a wand of enslavement (7)
 o - a wand of clouds (7)
Scrolls
 b - 3 scrolls of remove curse
 i - a scroll of magic mapping {unknown}
 n - 2 scrolls of identify
 s - 2 scrolls of teleportation
 t - a scroll of blinking {unknown}
Potions
 d - 5 potions of magic {unknown}
 e - 2 potions of lignification {unknown}
 g - a potion of heal wounds {unknown}
 j - 4 potions of degeneration {unknown}
 l - a potion of agility {unknown}
 p - a potion of flight {unknown}
 q - a potion of curing {unknown}
Comestibles
 c - 5 rations
 u - 3 chunks of flesh


   Skills:
 + Level 2.7 Dodging
 - Level 2.4 Stealth
 * Level 5.3 Spellcasting
 + Level 5.9 Conjurations


You had 11 spell levels left.
You knew the following spells:

 Your Spells              Type           Power        Failure   Level  Hunger
a - Magic Dart            Conj           ####         1%          1    None
b - Searing Ray           Conj           #####.       1%          2    None

Your spell library contained the following spells:

 Spells                   Type           Power        Failure   Level  Hunger
 Dazzling Spray           Conj/Hex       ###...       2%          3    #......
 Iskenderun's Mystic Bla  Conj           #####...     2%          4    ###....
 Force Lance              Conj/Tloc      ###.....     10%         4    ###....
 Fulminant Prism          Conj/Hex       ###.......   10%         4    ###....


Dungeon Overview and Level Annotations

Branches:
Dungeon (4/15)
 Temple: D:4-7

Altars:
Qazlal

Annotations:
D:3 Sigmund


Message History

The human zombie hits you.
* * * LOW HITPOINT WARNING * * *
A magic dart appears from out of thin air!
The magic dart hits you.
* * * LOW HITPOINT WARNING * * *
Casting: Magic Dart (safe; 1% risk of failure)
Confirm with . or Enter, or press ? or * to list all spells.
Aiming: Searing Ray (safe; 1% risk of failure)
Press: ? - help, Shift-Dir - straight line, p - human zombie The searing ray hits the human zombie.
The human zombie is almost destroyed. (Press . to maintain the ray.)
The human zombie misses you.
The searing ray hits the human zombie!
You destroy the human zombie!
Your Spellcasting skill increases to level 5!
You have reached level 5!
A magic dart appears from out of thin air!
The magic dart hits you.
You die...

##.#. ..#....### #..#.
.#......## #... ........# ###
#..#. #......## ##.###..#..
#.....>.. ##....#..# ..
#........
##.....#..####.####.......#
#.....#.!.@..............##
###.....##.##..#.............
#.#........#...#..##.###.....
#................##...#.....
#...............##..........
#...........#...##........#.
#..........##......####..###
#.........##...#............
#.............##........##..


There were no monsters in sight!

Vanquished Creatures
  A human zombie (D:4)
  Crazy Yiuf (D:2)
  2 hound skeletons (D:4)
  An adder (D:4)
  An ooze (D:4)
  3 worms
  A dart slug (D:2)
  A leopard gecko (D:1)
  An orc (D:4)
  2 giant cockroaches (D:1)
  3 goblins
  5 hobgoblins
  6 jackals
  7 kobolds
  3 ball pythons
  7 bats
  4 frilled lizards
  2 rats
51 creatures vanquished.

Notes
Turn   | Place    | Note
-------+----------+-------------------------------------------
     0 | D:1      | Lauz the Deep Elf Conjurer began the quest for the Orb.
     0 | D:1      | Reached XP level 1. HP: 10/10 MP: 6/6
   334 | D:1      | Reached XP level 2. HP: 15/15 MP: 6/8
   418 | D:1      | Reached skill level 5 in Conjurations
   902 | D:2      | Reached XP level 3. HP: 19/19 MP: 5/9
   934 | D:2      | Found a runed translucent door.
   957 | D:2      | Learned a level 2 spell: Searing Ray
   957 | D:2      | Noticed Crazy Yiuf
  1237 | D:2      | Killed Crazy Yiuf
  1393 | D:2      | Reached XP level 4. HP: 24/24 MP: 5/11
  2031 | D:3      | Noticed Sigmund
  2193 | D:4      | Found a stormy altar of Qazlal.
  2436 | D:4      | Reached skill level 5 in Spellcasting
  2436 | D:4      | Reached XP level 5. HP: 4/28 MP: 2/14
  2436 | D:4      | Killed from afar by an orc wizard

Levels and vault maps discovered:
D:1:      wheals_arrival_linesprint, layout_basic, minmay_misc_feat_tower,
          minmay_tiny_reverse_x
D:2:      layout_basic, due_unseen_surprise, uniq_crazy_yiuf_cottage
D:3:      layout_basic, uniq_sigmund
D:4:      layout_cave_pools, lemuel_coloured_pillars_altar, old_standard_altar,
          nicolae_ossuary_entry_catacombs, minmay_misc_feat_more_columns,
          hangedman_abyss_or_decor_slice, fedhas_altar_4

Skill      XL: |  1  2  3  4 |
---------------+-------------+-----
Conjurations   | 5 |  5.9
Spellcasting   | 5 |  5.3
Dodging        | |  2.7
Stealth        | |  2.4

Action                   |  1- 3 |  4- 6 || total
-------------------------+-------+-------++-------
Melee: Unarmed           |       |     1 ||     1
 Cast: Magic Dart        |    62 |    27 ||    89
       Searing Ray       |     2 |     8 ||    10
  Use: Scroll            |       |     5 ||     5
  Eat: Chunk             |     1 |     3 ||     4
Armor: Robe              |       |     3 ||     3
Dodge: Dodged            |     5 |    10 ||    15
